 Dungeon Crawl Stone Soup version 0.19.1 (webtiles) character file.

75275 hairmachine the Brawler (level 15, -7/137 HPs)
             Began as a Ghoul Warper on Nov 26, 2016.
             Was the Champion of Makhleb.
             Killed from afar by a shock serpent (22 damage)
             ... with a bolt of electricity
             ... on level 1 of the Snake Pit.
             The game lasted 01:35:37 (27313 turns).

hairmachine the Brawler (Ghoul Warper)             Turns: 27313, Time: 01:35:41

Health: -7/137     AC: 21    Str: 21    XL:     15   Next: 49%
Magic:  0/28       EV:  6    Int:  8    God:    Makhleb [******]
Gold:   1489       SH: 11    Dex:  9    Spells: 0 memorised, 17 levels left

rFire  + . .     SeeInvis .       - Unarmed
rCold  + . .     Gourm    .     m - +1 plate armour
rNeg   + + +     Faith    .     x - +0 shield
rPois  ∞         Spirit   +     Y - +2 hat
rElec  .         Reflect  .     U - +1 cloak
rCorr  .         Harm     .     (no gloves)
MR     +....                    M - +0 pair of boots
Stlth  ..........               C - amulet of guardian spirit {Spirit}
                                s - ring of magical power {MP+9}
                                f - ring of protection from fire {rF+, !d}

@: very slightly contaminated, rotting
A: rotting body, claws 1, carnivore 3, cold resistance 1, negative energy
resistance 3, slow regeneration 1, torment resistance, unbreathing
a: Minor Destruction, Lesser Servant of Makhleb, Major Destruction, Greater
Servant of Makhleb, Renounce Religion


You were on level 1 of the Snake Pit.
You worshipped Makhleb.
Makhleb was exalted by your worship.
You were not hungry.

You visited 5 branches of the dungeon, and saw 25 of its levels.

You collected 2132 gold pieces.
You spent 643 gold pieces at shops.


Innate Abilities, Weirdness & Mutations

Your body is rotting away.
You thrive on raw meat.
You are immune to poison.
You have sharp fingernails.
You are carnivorous and can eat meat at any time.
Your flesh is cold resistant. (rC+)
You are immune to negative energy. (rN+++)
You regenerate slowly when monsters are visible.
You are immune to unholy pain and torment.
You can survive without breathing.


   Skills:
 + Level 13.8 Fighting
 - Level 0.8 Throwing
 - Level 10.4 Armour
 - Level 1.7 Dodging
 + Level 9.2 Shields
 + Level 18.1 Unarmed Combat
 - Level 1.7 Spellcasting
   Level 2.6 Translocations
 + Level 7.4 Invocations


You had 17 spell levels left.
You didn't know any spells.

Inventory:

Missiles
 d - 5 tomahawks of dispersal {=f}
 J - 18 tomahawks (quivered)
Armour
 m - a +1 plate armour (worn)
   (You found it on level 1 of the Dungeon)
 x - a +0 shield (worn)
   (You found it on level 4 of the Dungeon)
 G - a +2 pair of gloves
   (You found it on level 3 of the Lair of Beasts)
 M - a +0 pair of boots (worn)
   (You found it on level 6 of the Dungeon)
 U - a +1 cloak (worn)
   (You found it on level 3 of the Lair of Beasts)
 Y - a +2 hat (worn)
   (You found it on level 2 of the Lair of Beasts)
Jewellery
 c - an uncursed ring of protection from cold {rC+, !d}
   (You found it on level 5 of the Dungeon)
 f - a ring of protection from fire (left claw) {rF+, !d}
   (You took it off a centaur on level 6 of the Dungeon)
 i - an uncursed ring of see invisible {sInv, !d}
   (You found it on level 7 of the Dungeon)
 s - a ring of magical power (right claw) {MP+9}
   (You found it on level 2 of the Dungeon)
 C - an amulet of guardian spirit (around neck) {Spirit}
   (You found it on level 7 of the Dungeon)
 F - an uncursed ring of flight {+Fly, !d}
   (You found it on level 2 of the Dungeon)
Wands
 k - a wand of paralysis (1/24)
   (You found it on level 5 of the Lair of Beasts)
 l - a wand of iceblast (4/15)
   (You found it on level 8 of the Dungeon)
 y - a wand of confusion (25/48)
   (You found it on level 4 of the Lair of Beasts)
 A - a wand of acid (6/15)
   (You found it on level 1 of the Snake Pit)
 B - a wand of disintegration (8/24)
   (You found it on level 6 of the Lair of Beasts)
 T - a wand of teleportation (4/9) {!d}
   (You found it on level 5 of the Lair of Beasts)
Scrolls
 a - 6 scrolls of magic mapping {!r}
 o - a scroll of summoning {!r}
 p - 2 scrolls of fear {!r}
 q - 4 scrolls of identify {!r}
 v - a scroll of enchant armour {!r}
 I - 11 scrolls of teleportation {!r}
 L - a scroll of blinking {!r}
 N - 2 scrolls of fog {!r}
 P - 3 scrolls of recharging {!r}
 R - 4 scrolls of remove curse {!r}
 W - a scroll of torment {!r}
Potions
 e - 3 potions of invisibility {!q}
 h - 10 potions of curing {!q}
 j - 4 potions of brilliance {!q}
 n - 3 potions of magic {!q}
 t - 4 potions of agility {!q}
 u - 8 potions of heal wounds {!q}
 w - 2 potions of might {!q}
 z - a potion of ambrosia {!q}
 E - 5 potions of flight {!q}
 Q - a potion of resistance {!q}
 Z - 2 potions of cancellation {!q}
Books
 b - a book of Spatial Translocations

   Spells                             Type                      Level
   a - Blink                          Translocation                2
   b - Shroud of Golubria             Charms/Translocation         2
   c - Lesser Beckoning               Translocation                3
   d - Portal Projectile              Translocation                3
   e - Teleport Other                 Translocation                3
   f - Passage of Golubria            Translocation                4
Comestibles
 g - 4 slices of pizza
 r - 3 chunks of flesh
 D - a royal jelly
 K - 8 meat rations
 S - 3 beef jerkies

Dungeon Overview and Level Annotations

Branches:
Dungeon (15/15)            Temple (1/1) D:4            Lair (6/6) D:8
 Shoals (0/4) Lair:2        Snake (1/4) Lair:2        Slime (0/5) Lair:6
    Orc (2/2) D:9             Elf (0/3) Orc:2        Vaults (0/5) D:14
 Depths (0/5) D:15

Altars:
Ashenzari
Cheibriados
Dithmenos
Elyvilon
Fedhas
Gozag
Hepliaklqana
Kikubaaqudgha
Makhleb
Nemelex Xobeh
Okawaru
Qazlal
Ru
Sif Muna
Trog
Uskayaw
Vehumet
Xom
Yredelemnul
Zin
The Shining One

Shops:
D:4 *   D:7 [?   D:8 %[!   D:9 [(   D:14 :

Annotations:
D:7 exclusion: electric eel
Lair:5 exclusion: plant
Orc:2 Saint Roka

#.....# #@....#
#†>...# ##...###
#.S..# #....# .
#....#### ...
##......# ...
###.....##
#.#########...........
#....SS.S.>.#######...
#.....####### ..
#.....## # #.###..# #
##.# #.# #.......#


You could see a shock serpent.


Message History

You claw the snapping turtle!
The snapping turtle is moderately wounded.
The snapping turtle barely misses you.
You scratch the snapping turtle.
The snapping turtle is moderately wounded.
The snapping turtle bites you but does no damage.
You mangle the snapping turtle!!
The snapping turtle is severely wounded.
You mangle the snapping turtle!!
You kill the snapping turtle!
You see here a snapping turtle corpse.
You butcher the snapping turtle corpse.
r - 3 chunks of flesh (gained 1)
There is an open door here.
You enter the shallow water.
Moving in this stuff is going to be slow.
Why would you want to do that?
(D) Dungeon (T) Temple (L) Lair (A) Shoals (P) Snake Pit (M) Slime Pits (O) Orcish Mines (E) Elven Halls (V) Vaults (U) Depths
Where to? (Enter - Lair:1 @ (x,y), ? - help)
What level of the Snake Pit? (default 1, ? - help)
There is a staircase to the Snake Pit here.
You climb downwards.
Welcome to the Snake Pit!
This branch contains the serpentine rune of Zot.
Found a curved lead wand.
Found a stone staircase leading down.
There is a staircase back to the Lair here.
A - a wand of acid Drop what? 48/52 slots (_ for help) (? for menu, Esc to quit)
Okay, then.
Found a stone staircase leading down.
There is a stone staircase leading down here.
A shock serpent comes into view.
The shock serpent moves out of view.
You barely miss the shock serpent. You miss the shock serpent.
You block the shock serpent's attack.
You closely miss the shock serpent. The shock serpent bites you!
The shock serpent shocks you!
The shock serpent shoots out a bolt of lightning at you!
The bolt of electricity hits you!
You hear an angry hiss.
Huge Dmg: -22%(-31hp) hp: 78%(106hp)
You barely miss the shock serpent.
The shock serpent bites you but does no damage.
A black mamba comes into view.
You claw the shock serpent!
The shock serpent is lightly wounded.
The shock serpent's electric aura discharges, shocking you!
The black mamba moves out of view.
Damage: -7%(-10hp) hp: 71%(96hp)
You mangle the shock serpent!!
The shock serpent is severely wounded.
The shock serpent's electric aura discharges violently, shocking you!
* * * LOW HITPOINT WARNING * * *
The shock serpent bites you!
* * * LOW HITPOINT WARNING * * *
The shock serpent shocks you!
* * * LOW HITPOINT WARNING * * *
The shock serpent shoots out a bolt of lightning at you!
The bolt of electricity hits you!
* * * LOW HITPOINT WARNING * * *
Huge Dmg: -25%(-34hp) hp: 46%(62hp)
Your shield and plate armour prevent you from hitting the shock serpent.
The shock serpent is severely wounded.
You barely miss the shock serpent.
The shock serpent is severely wounded.
The shock serpent shoots out a bolt of lightning at you!
The bolt of electricity hits you!
* * * LOW MAGIC WARNING * * *;
* * * LOW HITPOINT WARNING * * *
Huge Dmg: -17%(-23hp) hp: 29%(39hp)
The black mamba bites you.
* * * LOW MAGIC WARNING * * *;
* * * LOW HITPOINT WARNING * * *
Damage: -4%(-5hp) hp: 25%(34hp)
You block the black mamba's attack.
The shock serpent shoots out a bolt of lightning at you!
The bolt of electricity hits the black mamba.
The bolt of electricity hits you!
* * * LOW MAGIC WARNING * * *;
* * * LOW HITPOINT WARNING * * *
The bolt of electricity hits you!
* * * LOW MAGIC WARNING * * *;
* * * LOW HITPOINT WARNING * * *
Huge Dmg: -16%(-22hp) hp: 10%(13hp) Really read
L - 2 scrolls of blinking {!r}? [Y]es or [N]o only, please.
Really read
L - 2 scrolls of blinking {!r}? [Y]es or [N]o only, please.
Really read
L - 2 scrolls of blinking {!r}?
Blink to where?
Press: ? - help, Dir - move target cursor You are very lightly contaminated with residual magic.
As you read the scroll of blinking {!r}, it crumbles to dust.
The black mamba bites you but does no damage.
You block the black mamba's attack.
There is a staircase back to the Lair here.
The black mamba barely misses you.
The shock serpent shoots out a bolt of lightning at you!
The bolt of electricity hits the black mamba.
The black mamba dies!
The bolt of electricity hits you!
* * * LOW MAGIC WARNING * * *
You die...

Vault maps used:
D:1:      dpeg_arrival_connections
D:2:      st_stairs_5, uniq_terence
D:3:      serial_glass, glass_columns_a, glass_columns_a
D:4:      serial_shops, shop
D:5:      first_bread, kennysheep_nub, st_stairs_3,
          hangedman_abyss_or_decor_stagger, minmay_misc_feat_diagonals
D:6:      uniq_crazy_yiuf_cottage, uniq_blork_the_orc
D:7:      serial_shops, shop, kennysheep_mini_moat, minmay_crystal_water,
          the_bakery, uniq_pikel, uniq_prince_ribbit1
D:8:      david_lair_shrubbed, serial_shops, shop, shop, nicolae_shop_crystal,
          grunt_dithmenos_shadows
D:9:      orc_david_3
D:10:     minmay_misc_feat_four_crosses
D:11:     dragon1_lemuel, uniq_psyche
D:13:     grunt_ministairs_8
D:14:     erik_vaults_1, serial_shops, shop_fountains,
          minmay_misc_feat_secret_circle, uniq_josephine
D:15:     grunt_enter_depths_snipers, minivault_25
Temple:   kilobyte_greek_temple
Lair:1:   uniq_gastronok, uniq_joseph, uniq_fannar
Lair:2:   minmay_shoals_entry_hut, minmay_snake_entry_guardpost_small,
          lab_entry_generic, grunt_forest_stairs_clearing, grunt_megastairs_5,
          serial_bayou_shore_b, lemuel_fruit_fields
Lair:3:   grunt_megastairs_2
Lair:4:   kilobyte_rumbling_trees
Lair:5:   worms_lemuel, serial_bayou_shore_a
Lair:6:   grunt_lair_end_beastmaster, nicolae_slime_entry_slimehenge
Snake:1:  nrook_guardian_serpent_ordinary
Orc:1:    bloody_trog
Orc:2:    st_orc_ogre_mass, uniq_saint_roka

Notes
Turn   | Place    | Note
-------+----------+-------------------------------------------
     0 | D:1      | hairmachine the Ghoul Warper began the quest for the Orb.
     0 | D:1      | Reached XP level 1. HP: 17/17 MP: 2/2
   139 | D:1      | Reached XP level 2. HP: 21/24 MP: 3/3
   142 | D:1      | Reached skill level 3 in Unarmed Combat
   495 | D:1      | Reached XP level 3. HP: 29/29 MP: 4/4
   800 | D:2      | Reached skill level 4 in Unarmed Combat
  1280 | D:2      | Reached XP level 4. HP: 36/36 MP: 5/5
  1538 | D:2      | Noticed Terence
  1560 | D:2      | Killed Terence
  1560 | D:2      | Reached skill level 5 in Unarmed Combat
  2000 | D:3      | Reached skill level 1 in Armour
  2090 | D:3      | Reached XP level 5. HP: 38/42 MP: 6/6
  2583 | D:3      | Reached XP level 6. HP: 50/50 MP: 7/7
  2955 | D:3      | Reached skill level 6 in Unarmed Combat
  3404 | D:4      | Reached XP level 7. HP: 52/58 MP: 8/8
  3572 | D:4      | Found a staircase to the Ecumenical Temple.
  3582 | Temple   | Entered the Ecumenical Temple
  3627 | Temple   | Became a worshipper of Makhleb the Destroyer
  3932 | D:4      | Found Meliedak's General Store.
  4218 | D:5      | Entered Level 5 of the Dungeon
  4232 | D:5      | Reached skill level 1 in Shields
  4323 | D:5      | Noticed Lluna's ghost (amateur SpAs)
  4377 | D:4      | Reached skill level 7 in Unarmed Combat
  4623 | D:5      | Killed Lluna's ghost
  4799 | D:4      | Reached XP level 8. HP: 66/66 MP: 9/9
  4942 | D:5      | Reached skill level 8 in Unarmed Combat
  5657 | D:6      | Noticed Blork the orc
  5671 | D:6      | Killed Blork the orc
  5826 | D:6      | Reached skill level 9 in Unarmed Combat
  5888 | D:6      | Reached skill level 5 in Shields
  5888 | D:6      | Reached XP level 9. HP: 71/71 MP: 10/10
  6000 | D:6      | Reached * piety under Makhleb
  6316 | D:6      | Found a runed door.
  6320 | D:6      | Noticed Crazy Yiuf
  6324 | D:6      | Killed Crazy Yiuf
  6703 | D:6      | Reached skill level 10 in Unarmed Combat
  6827 | D:7      | Found Neatsiam's Armour Shop.
  7057 | D:7      | Noticed Prince Ribbit
  7098 | D:7      | Killed Prince Ribbit
  7178 | D:7      | Noticed Pikel
  7195 | D:7      | Killed Pikel
  7625 | D:7      | Reached XP level 10. HP: 77/78 MP: 11/11
  7715 | D:7      | Reached skill level 11 in Unarmed Combat
  7794 | D:7      | Found Muin Pothra's Magic Scroll Shoppe.
  7803 | D:7      | Bought a scroll of enchant armour for 97 gold pieces
  7803 | D:7      | Bought a scroll of teleportation for 39 gold pieces
  7803 | D:7      | Bought a scroll of blinking for 97 gold pieces
  7986 | D:8      | Found Pooke's Distillery.
  8076 | D:8      | Found Laclih's Armour Boutique.
  8284 | D:8      | Found Hoxub's Food Emporium.
  8430 | D:8      | Reached ** piety under Makhleb
  8616 | D:8      | Found a staircase to the Lair.
  8631 | D:8      | Reached skill level 5 in Fighting
  8667 | D:8      | Found a shadowy altar of Dithmenos.
  8750 | Lair:1   | Entered Level 1 of the Lair of Beasts
  8750 | Lair:1   | Noticed a spiny frog
  8762 | D:8      | Killed a spiny frog
  8766 | Lair:1   | Noticed Gastronok
  8768 | Lair:1   | Noticed Joseph
  8772 | Lair:1   | Noticed a spiny frog
  8818 | D:9      | Found Vathraom's Armour Boutique.
  8863 | D:9      | Found a staircase to the Orcish Mines.
  9271 | D:9      | Found Cenu's Weapon Boutique.
  9670 | D:9      | Reached skill level 12 in Unarmed Combat
 10239 | D:8      | Killed a spiny frog
 10463 | D:8      | Killed Joseph
 10485 | Lair:1   | Killed Gastronok
 10485 | Lair:1   | Reached XP level 11. HP: 84/95 MP: 12/12
 10535 | Lair:1   | Reached skill level 13 in Unarmed Combat
 10796 | Lair:1   | Noticed a seven-headed hydra
 10845 | Lair:1   | Killed a seven-headed hydra
 10978 | Lair:1   | Noticed Fannar
 11004 | Lair:1   | Killed Fannar
 11534 | Lair:1   | Reached skill level 10 in Fighting
 11940 | Lair:2   | Reached skill level 1 in Invocations
 12088 | Lair:2   | Reached *** piety under Makhleb
 12088 | Lair:2   | Reached skill level 14 in Unarmed Combat
 12309 | Lair:2   | Reached XP level 12. HP: 96/106 MP: 13/13
 12426 | Lair:2   | Found a staircase to the Snake Pit.
 12644 | Lair:3   | Noticed an eight-headed hydra
 12666 | Lair:3   | Killed an eight-headed hydra
 12666 | Lair:3   | Reached skill level 5 in Armour
 13326 | Lair:3   | Reached **** piety under Makhleb
 13337 | Lair:3   | Noticed an eight-headed hydra
 13373 | Lair:3   | Killed an eight-headed hydra
 13373 | Lair:3   | Reached skill level 15 in Unarmed Combat
 14337 | Lair:4   | Noticed a six-headed hydra
 15590 | Lair:5   | Reached XP level 13. HP: 107/113 MP: 15/15
 15907 | Lair:6   | Entered Level 6 of the Lair of Beasts
 16351 | Lair:6   | Reached ***** piety under Makhleb
 16371 | Lair:6   | Reached skill level 16 in Unarmed Combat
 17161 | Lair:6   | Found a staircase to the Slime Pits.
 18483 | Lair:6   | Reached XP level 14. HP: 105/125 MP: 16/16
 18533 | Lair:6   | Got a slimy leather armour
 18840 | D:10     | Entered Level 10 of the Dungeon
 19030 | D:10     | Reached skill level 10 in Armour
 20036 | D:11     | Reached skill level 17 in Unarmed Combat
 20204 | D:11     | Noticed Psyche
 20215 | D:11     | Killed Psyche
 21095 | Orc:1    | Entered Level 1 of the Orcish Mines
 21341 | Orc:1    | Reached ****** piety under Makhleb
 21550 | Orc:1    | Found a bloodstained altar of Trog.
 21586 | Orc:1    | Got a brightly glowing dagger
 21862 | Orc:2    | Entered Level 2 of the Orcish Mines
 21912 | Orc:2    | Noticed Saint Roka
 22135 | Orc:2    | Found a staircase to the Elven Halls.
 22300 | Orc:2    | Noticed an orc warlord
 22345 | Orc:2    | Killed an orc warlord
 22926 | D:12     | Reached skill level 5 in Invocations
 24352 | D:14     | Found Poli's Book Emporium.
 24436 | D:14     | Found a gate to the Vaults.
 24754 | D:14     | Noticed Josephine
 24775 | D:14     | Killed Josephine
 24918 | D:14     | Reached XP level 15. HP: 126/136 MP: 18/18
 25244 | D:15     | Entered Level 15 of the Dungeon
 26097 | D:15     | Reached skill level 18 in Unarmed Combat
 26439 | D:15     | Found a staircase to the Depths.
 26928 | D:8      | Bought a potion of heal wounds for 50 gold pieces
 26928 | D:8      | Bought a potion of heal wounds for 50 gold pieces
 26928 | D:8      | Bought a potion of heal wounds for 50 gold pieces
 26928 | D:8      | Bought a potion of invisibility for 80 gold pieces
 26928 | D:8      | Bought a potion of resistance for 100 gold pieces
 26928 | D:8      | Bought a potion of agility for 40 gold pieces
 26928 | D:8      | Bought a potion of might for 40 gold pieces
 27192 | Lair:2   | Found a staircase to the Shoals.
 27270 | Snake:1  | Entered Level 1 of the Snake Pit
 27313 | Snake:1  | Killed from afar by a shock serpent

Vanquished Creatures
  Gastronok (Lair:1)
  An orc warlord (Orc:2)
  Josephine (D:14)
  A yaktaur captain (D:15)
  Fannar (Lair:1)
  An ice dragon (D:11)
  6 hydras
  A catoblepas (Lair:6)
  A dancing weapon (D:14)
  A tengu warrior (D:15)
  A satyr (shapeshifter) (D:15)
  4 centaur warriors (D:15)
  2 death knights
  A deep troll shaman (Lair:6)
  6 death yaks (Lair:6)
  3 unseen horrors
  Pikel (D:7)
  A lindwurm (Lair:6)
  3 phantasmal warriors
  5 hill giants
  An orc knight (Orc:1)
  3 orc sorcerers (Orc:2)
  2 deep elf magi (D:15)
  9 ugly things
  4 cyclopes
  3 black mambas
  9 elephants (Lair:6)
  Psyche (D:11)
  Joseph (D:8)
  7 spiny frogs
  A gargoyle (D:14)
  An efreet (D:13)
  6 komodo dragons
  3 rime drakes (Lair:6)
  2 freezing wraiths
  2 yaktaurs (D:15)
  2 polar bears
  7 trolls
  13 blink frogs
  Prince Ribbit (D:7)
  A hornet (D:14)
  2 two-headed ogres (Orc:1)
  6 hippogriffs
  A snapping turtle (Lair:2)
  4 dream sheep (Lair:6)
  A shadow (D:15)
  A spriggan (Lair:2)
  A wyvern (Lair:3)
  9 wraiths
  27 yaks
  5 basilisks
  A steam dragon (D:15)
  A hungry ghost (D:15)
  5 vampire mosquitoes
  4 mottled dragons
  5 wargs
  4 nagas (Lair:2)
  13 water moccasins
  The ghost of Lluna the Covert, an amateur SpAs (D:5)
  5 ice beasts
  11 porcupines
  21 orc warriors
  5 sky beasts
  A necrophage (D:7)
  An eye of draining (D:11)
  A hornet zombie (D:15)
  3 phantoms
  4 black bears
  10 ogres
  10 wolves
  4 boggarts (Lair:4)
  3 centaurs
  14 crocodiles
  2 big kobolds
  Blork the orc (D:6)
  13 bullfrogs
  A wyvern zombie (D:6)
  5 scorpions
  4 killer bees (D:13)
  2 electric eels
  A howler monkey (D:4)
  7 crimson imps
  6 centaur zombies
  6 jellies
  13 orc priests
  7 hounds
  16 orc wizards
  4 centaur skeletons
  Crazy Yiuf (D:6)
  4 iguanas
  5 bullfrog skeletons
  12 worker ants
  Terence (D:2)
  A killer bee zombie (D:9)
  2 hound skeletons
  2 worker ant zombies
  12 adders
  2 shadow imps
  2 oozes
  An adder skeleton (D:6)
  6 worms
  A dart slug (D:1)
  5 leopard geckos
  97 orcs
  3 ball pythons
  8 bats
  2 giant cockroaches
  8 hobgoblins
  14 jackals
  2 quokkas
  A ball python skeleton (D:4)
  4 frilled lizards
  14 goblins
  A jackal skeleton (D:4)
  20 kobolds
  A leopard gecko skeleton (D:5)
  2 quokka skeletons
  10 rats
  A plant (D:8)
638 creatures vanquished.

Vanquished Creatures (collateral kills)
  A hydra (Lair:6)
  4 wolves (Lair:6)
  An orc wizard (Orc:2)
  2 orcs (Orc:2)
8 creatures vanquished.

Vanquished Creatures (others)
  A black mamba (Snake:1)
  A spriggan (D:7)
  A bush (Lair:6)
  11 fungi
  6 plants
20 creatures vanquished.

Grand Total: 666 creatures vanquished

Action                   |  1- 3 |  4- 6 |  7- 9 | 10-12 | 13-15 || total
-------------------------+-------+-------+-------+-------+-------++-------
Melee: Unarmed           |   136 |   267 |   519 |   894 |  1434 ||  3250
       Punch             |       |     2 |       |       |       ||     2
Throw: Tomahawk          |     9 |    18 |    21 |    44 |    57 ||   149
Invok: Lesser Servant of |       |       |       |       |     4 ||     4
Evoke: Wand              |       |       |       |     9 |     2 ||    11
  Use: Scroll            |     1 |       |     3 |    10 |    18 ||    32
       Potion            |       |       |     4 |     5 |     2 ||    11
  Eat: Chunk             |     4 |    22 |    36 |    87 |   144 ||   293
       Beef jerky        |       |       |       |     1 |       ||     1
Armor: Plate armour      |   119 |   163 |   222 |   389 |   596 ||  1489
Dodge: Dodged            |    30 |    67 |    42 |   112 |   197 ||   448
Block: Shield            |       |       |   144 |   384 |   521 ||  1049

Skill      XL: |  1  2  3  4  5  6  7  8  9 10 11 12 13 14 15 |
---------------+----------------------------------------------+-----
Unarmed Combat | 3 4 5 6 7 9 10 12 14 15 16 17 18 | 18.1
Armour         | 1 2 3 4 8 9 10 | 10.4
Fighting       | 3 4 8 10 11 13 | 13.8
Shields        | 2 5 7 8 9 |  9.2
Invocations    | 2 4 6 7 |  7.4
Throwing       | |  0.8
Dodging        | |  1.7
Spellcasting   | |  1.7
Translocations | |  2.6
